 Dungeon Crawl Stone Soup version 0.30.1-9-gdf580d7c3d (webtiles) character file.

Game seed: 12585352429719868478

5742 Cheops the Arsonist (level 10, -8/75 HPs)
             Began as a Naga Fire Elementalist on Oct 8, 2023.
             Mangled by a komodo dragon (11 damage)
             ... on level 9 of the Dungeon.
             The game lasted 00:29:38 (10777 turns).

Cheops the Arsonist (Naga Fire Elementalist)       Turns: 10777, Time: 00:29:38

Health: -8/75      AC: 10    Str: 13    XL:     10   Next: 77%
Magic:  17/26      EV:  8    Int: 21    God:
Gold:   369        SH:  0    Dex: 11    Spells: 4/19 levels left

rFire   . . .        n - +3 whip
rCold   . . .        (no shield)
rNeg    . . .        y - +4 ring mail "Kyeph" {+Blink Str+3}
rPois   +            (no helmet)
rElec   .            (no cloak)
rCorr   .            (no gloves)
SInv    +            (no barding)
Will    +....        g - amulet of the acrobat
Stlth   +            x - ring of magical power
HPRegen 0.32/turn    (no ring)
MPRegen 0.20/turn

%: acrobat
@: very slow
A: AC +3, large, see invisible, deformed body, poison resistance, slowness 2,
spit poison 1, naga tail 1
a: Spit Poison, Evoke Blink


You were on level 9 of the Dungeon.
You visited 1 branch of the dungeon, and saw 9 of its levels.
You also visited: Bailey.

You collected 369 gold pieces.

Inventory:

Hand Weapons
 j - a +0 dagger
 n - a +3 whip (weapon)
 E - a +0 whip of electrocution
Missiles
 H - a throwing net
Armour
 a - a +0 robe
 y - the +4 ring mail "Kyeph" (worn) {+Blink Str+3}
   (You found it on level 4 of the Dungeon)

   Str:       It affects your strength (+3).
   +Blink:    It lets you blink.
 F - +0 acid dragon scales
 G - a +0 troll leather armour
Jewellery
 g - an amulet of the acrobat (around neck)
 o - an amulet of magic regeneration
 x - a ring of magical power (left hand)
 D - an amulet of faith
Wands
 m - a wand of roots (8)
 B - a wand of flame (36)
 C - a wand of digging (3)
Scrolls
 d - a scroll of silence
 h - 3 scrolls of blinking {unknown}
 i - 2 scrolls of brand weapon
 p - a scroll of fear
 q - 5 scrolls of enchant armour
 z - 2 scrolls of amnesia
 A - a scroll of vulnerability
Potions
 b - a potion of heal wounds
 c - 2 potions of lignification {unknown}
 e - 2 potions of might {unknown}
 f - 2 potions of brilliance {unknown}
 k - 2 potions of haste
 l - 3 potions of curing
 r - 2 potions of flight {unknown}
 s - 2 potions of magic
 t - 5 potions of cancellation {unknown}
 u - a potion of ambrosia {unknown}
 v - a potion of mutation {unknown}
 w - a potion of attraction {unknown}


   Skills:
 - Level 4.0 Armour
 - Level 1.5 Dodging
 - Level 3.0 Stealth
 - Level 5.0 Spellcasting
 + Level 10.3 Conjurations
 + Level 10.3 Fire Magic


You had 4 spell levels left.
You knew the following spells:

 Your Spells              Type           Power      Damage    Failure   Level
a - Foxfire               Conj/Fire      100%       2x1d9     1%          1
b - Scorch                Fire           96%        2d9       1%          2
f - Fireball              Conj/Fire      24%        3d11      9%          5
v - Volatile Blastmotes   Fire/Tloc      52%        2d14      9%          3
w - Flame Wave            Conj/Fire      48%        2d12      3%          4

Your spell library contained the following spells:

 Spells                   Type           Power      Damage    Failure   Level
 Kiss of Death            Conj/Necr      100%       2d13      2%          1
 Sticky Flame             Conj/Fire      48%        2d7       3%          4
 Inner Flame              Hex/Fire       26%        N/A       9%          3
 Summon Small Mammal      Summ           20%        N/A       22%         1
 Call Canine Familiar     Summ           5%         N/A       54%         3
 Gell's Gravitas          Tloc           5%         N/A       54%         3
 Portal Projectile        Hex/Tloc       10%        N/A       54%         3
 Summon Guardian Golem    Hex/Summ       5%         N/A       54%         3
 Teleport Other           Tloc           5%         N/A       54%         3
 Leda's Liquefaction      Hex/Erth       2%         N/A       91%         4
 Manifold Assault         Tloc           5%         N/A       91%         4
 Starburst                Conj/Fire      24%        6d8       45%         6
 Plasma Beam              Fire/Air       13%        2x1d26    99%         6
 Dispersal                Tloc           2%         N/A       100%        6
 Disjunction              Tloc           2%         N/A       100%        8


Dungeon Overview and Level Annotations

Branches:
Dungeon (9/15)             Bailey (visited)
 Temple: D:4-7         Lair: D:8-11         Orc: D:9-12

Altars:
Ashenzari
Cheibriados
Dithmenos
Elyvilon
Fedhas
Gozag
Hepliaklqana
Kikubaaqudgha
Makhleb
Okawaru
Qazlal
Ru
Vehumet
Wu Jian
The Shining One

Annotations:
D:5 3 runed translucent doors, Thatboi's ghost, amateur HOMo
D:6 !fire resist, Duvessa


Innate Abilities, Weirdness & Mutations

Your serpentine skin is tough. (AC +3)
You have supernaturally acute eyesight. (SInv)
Armour fits poorly on your strangely shaped body.
Your system is resistant to poisons. (rPois)
You cover ground very slowly.
You can spit poison.
You have a snake-like lower body.


Message History

The komodo dragon hisses angrily.
A komodo dragon is nearby!
A komodo dragon is nearby!
A komodo dragon is nearby!
Casting: Foxfire (safe; 1% risk of failure)
Confirm with . or Enter, or press ? or * to list all spells.
Okay, then.
Casting: Foxfire (safe; 1% risk of failure)
Confirm with . or Enter, or press ? or * to list all spells.
Flames lash the komodo dragon.
The komodo dragon is moderately wounded.
The komodo dragon's fire resistance burns away.
The komodo dragon bites you!!
Casting: Scorch (safe; 1% risk of failure)
Confirm with . or Enter, or press ? or * to list all spells.
Okay, then.
Casting: Scorch (safe; 1% risk of failure)
Confirm with . or Enter, or press ? or * to list all spells.
Flames lash the komodo dragon.
The komodo dragon is burned terribly!
The komodo dragon is heavily wounded.
The komodo dragon bites you!!
* * * LOW HITPOINT WARNING * * *
Casting: Scorch (safe; 1% risk of failure)
Confirm with . or Enter, or press ? or * to list all spells.
Flames lash the komodo dragon.
The komodo dragon is burned terribly!
The komodo dragon is almost dead.
The komodo dragon bites you!
* * * LOW HITPOINT WARNING * * *
Casting: Scorch (safe; 1% risk of failure)
Confirm with . or Enter, or press ? or * to list all spells.
Flames lash the komodo dragon.
The komodo dragon is almost dead.
The komodo dragon bites you!
* * * LOW HITPOINT WARNING * * *
Casting: Scorch (safe; 1% risk of failure)
Confirm with . or Enter, or press ? or * to list all spells.
Flames lash the komodo dragon.
The komodo dragon is almost dead.
The komodo dragon bites you!
You die...

#. #.. #... #... ###
#...#####.##### #..
#.........@l..###...#
#......###.###...# #......#
### ##### #......# #......#
#......############ #######
#.................# #......
#.........######..# #.....#
#.....#...'..(.#..###......


You could see a komodo dragon (combustible).

Vanquished Creatures
  An orc knight (Bailey)
  An ugly thing (D:8)
  A troll (D:9)
  Grinder (D:5)
  A hornet (D:8)
  2 yaks
  Grum (D:9)
  Menkaure (D:5)
  An acid dragon (D:8)
  3 water moccasins
  12 orc warriors
  An ice beast (D:7)
  A sky beast (D:6)
  A black bear (D:4)
  An ogre (D:5)
  4 wolves (D:9)
  3 centaurs
  A phantom (D:4)
  3 kobold brigands
  Dowan (D:6)
  A howler monkey (D:7)
  5 electric eels (D:7)
  3 hounds
  An orc priest (D:3)
  A sleepcap (D:5)
  2 iguanas
  5 orc wizards
  14 gnolls
  3 adders
  A shadow imp (D:7)
  2 white imps (D:7)
  A worm (D:4)
  A dart slug (D:3)
  38 orcs
  6 ball pythons
  5 endoplasms
  5 giant cockroaches (D:1)
  22 goblins
  12 hobgoblins
  3 quokkas
  7 bats
  A frilled lizard (D:1)
  18 kobolds
  8 rats
206 creatures vanquished.

Vanquished Creatures (collateral kills)
  17 foxfires (D:7)
17 creatures vanquished.

Vanquished Creatures (others)
  A human (D:8)
  810 foxfires
811 creatures vanquished.

Grand Total: 1034 creatures vanquished

Notes
Turn   | Place    | Note
-------+----------+-------------------------------------------
     0 | D:1      | Cheops the Naga Fire Elementalist began the quest for the
                  | Orb.
     0 | D:1      | Reached XP level 1. HP: 15/15 MP: 3/3
   148 | D:1      | Reached XP level 2. HP: 20/22 MP: 0/5
   163 | D:1      | Learned a level 2 spell: Scorch
   876 | D:2      | Reached XP level 3. HP: 23/28 MP: 5/7
  1110 | D:2      | Found a faded altar of an unknown god.
  1168 | D:2      | Got Plato's Thoughts on the Shot
  1823 | D:3      | Found a broken altar of Ashenzari.
  1884 | D:3      | Reached XP level 4. HP: 36/36 MP: 4/8
  1988 | D:3      | Found a white marble altar of Elyvilon.
  2014 | D:3      | Found a burning altar of Makhleb.
  2130 | D:3      | Learned a level 4 spell: Flame Wave
  2750 | D:4      | Noticed a black bear
  2762 | D:4      | Killed a black bear
  2763 | D:4      | Reached XP level 5. HP: 6/42 MP: 0/9
  2959 | D:4      | Identified the +4 ring mail "Kyeph" {+Blink Str+3}
  2983 | D:4      | Found a radiant altar of Vehumet.
  3108 | D:4      | Reached XP level 6. HP: 49/49 MP: 2/10
  3217 | D:4      | Found a stormy altar of Qazlal.
  3220 | D:4      | Found a sacrificial altar of Ru.
  3221 | D:4      | Found an iron altar of Okawaru.
  3461 | D:4      | Found a faded altar of an unknown god.
  3461 | D:4      | Found a faded altar of an unknown god.
  3461 | D:4      | Found a hazy altar of Hepliaklqana.
  3553 | D:4      | Reached skill level 5 in Fire Magic
  4007 | D:5      | Entered Level 5 of the Dungeon
  4063 | D:5      | Reached skill level 1 in Armour
  4063 | D:5      | Reached skill level 5 in Conjurations
  4063 | D:5      | Reached XP level 7. HP: 19/55 MP: 4/11
  4473 | D:5      | Noticed Menkaure
  4477 | D:5      | Killed Menkaure
  4569 | D:5      | Noticed Grinder
  4576 | D:5      | Paralysed by Grinder for 5 turns
  4583 | D:5      | Killed Grinder
  4584 | D:5      | Reached XP level 8. HP: 39/62 MP: 6/12
  4694 | D:5      | Found a runed translucent gate.
  4696 | D:5      | Found a runed translucent gate.
  4706 | D:5      | Found a runed translucent gate.
  4707 | D:5      | Found an opulent altar of Gozag.
  4708 | D:5      | Noticed Thatboi's ghost (amateur HOMo)
  5623 | D:6      | Found a shadowy altar of Dithmenos.
  5942 | D:6      | Learned a level 5 spell: Fireball
  6087 | D:6      | Noticed Dowan
  6094 | D:6      | Killed Dowan
  6095 | D:6      | Noticed Duvessa
  6260 | D:7      | Found a flagged portal.
  6272 | Bailey   | Entered a bailey
  6356 | Bailey   | Learned a level 3 spell: Volatile Blastmotes
  6381 | Bailey   | Reached XP level 9. HP: 62/68 MP: 15/15
  7092 | Bailey   | Noticed an orc knight
  7109 | Bailey   | Killed an orc knight
  7518 | Bailey   | Noticed an orc warlord
  7730 | D:7      | Reached XP level 10. HP: 75/75 MP: 16/16
  7798 | D:7      | Found a blossoming altar of Fedhas.
  7972 | D:7      | Found an ornate altar of the Wu Jian Council.
  7975 | D:7      | Found a snail-covered altar of Cheibriados.
  8960 | D:8      | Paralysed by a hornet for 1 turns
  9519 | D:8      | Noticed a purple ugly thing
  9535 | D:8      | Killed a purple ugly thing
  9726 | D:8      | Found an ancient bone altar of Kikubaaqudgha.
  9799 | D:8      | Found a glowing golden altar of the Shining One.
  9931 | D:9      | Noticed Grum
  9934 | D:9      | Reached skill level 10 in Conjurations
  9934 | D:9      | Reached skill level 10 in Fire Magic
  9934 | D:9      | Killed Grum
 10252 | D:9      | Reached skill level 5 in Spellcasting
 10776 | D:9      | HP: 2/75 [komodo dragon (16)]
 10777 | D:9      | Mangled by a komodo dragon

Illustrated notes

Levels and vault maps discovered:
D:1:      wander_arrival_desolate, layout_rooms
D:2:      layout_loops_corners, shapermc_ecumenical_altar_rom_forum
D:3:      layout_basic, elyvilon_altar_1, lightli_temple_of_fire,
          ashenzari_conservatory_becter
D:4:      layout_gridville, vehumet_crystals,
          nicolae_hepliaklqana_ecumenical_no_more, minitemple, chequers_garden
D:5:      layout_basic, ebering_ghost_gozag, uniq_grinder, uniq_menkaure
D:6:      layout_cave_pods, mainiacjoe_overflow_surrounded_room,
          lemuel_doored_altar, temple_fountains, uniq_duvessa
D:7:      layout_basic, mainiacjoe_overflow_concentric_impassable,
          mainiacjoe_overflow_catwalk_spiral, serial_bayou,
          serial_bayou_crossing, serial_bayou_shore_a, serial_bayou_lagoon_a,
          serial_bayou_lagoon_b, enter_bailey_4
D:8:      layout_basic, tgw_kikubaaqudgha, mainiacjoe_overflow_chevrons
D:9:      layout_stronghold, mainiacjoe_overflow_tiny_flanked, erik_lair_dragon,
          grunt_potential, uniq_grum

Skill      XL: |  1  2  3  4  5  6  7  8  9 10 |
---------------+-------------------------------+-----
Spellcasting   | 3 4 5 |  5.0
Conjurations   | 2 4 5 6 9 10 | 10.3
Fire Magic     | 4 5 6 9 10 | 10.3
Armour         | 1 3 4 |  4.0
Dodging        | |  1.5
Stealth        | |  3.0

Action                     |  1- 3 |  4- 6 |  7- 9 | 10-12 || total
---------------------------+-------+-------+-------+-------++-------
  Melee: Unarmed           |     7 |       |       |       ||     7
         Dagger            |     6 |     3 |    13 |       ||    22
         Whip              |       |       |     5 |     7 ||    12
         Punch             |       |       |       |     1 ||     1
   Cast: Foxfire           |    67 |    86 |   185 |   125 ||   463
         Scorch            |       |     4 |    36 |     9 ||    49
         Fireball          |       |       |     4 |    16 ||    20
         Volatile Blastmot |       |       |     3 |     3 ||     6
         Flame Wave        |       |       |     3 |       ||     3
Ability: Spit Poison       |     4 |     5 |     4 |       ||    13
  Evoke: Wand              |       |       |       |     2 ||     2
    Use: Scroll            |       |     5 |     5 |     2 ||    12
         Potion            |       |       |     5 |       ||     5
   Stab: Sleeping          |     1 |       |       |       ||     1
 Armour: Robe              |    10 |     8 |    11 |       ||    29
         Ring mail         |       |       |    18 |    22 ||    40
  Dodge: Dodged            |    15 |    33 |    49 |    32 ||   129
